 Dungeon Crawl Stone Soup version 0.25-a0-105-g2289b3b9f1 (console) character file.

Game seed: 16888020442080495231, levelgen mode: deterministic

798 Kagalorn the Charmwright (level 7, -1/84 HPs)
             Began as a Gnoll Skald on Nov 16, 2019.
             Was an Initiate of Cheibriados.
             Killed from afar by an orc wizard (8 damage)
             ... with a puff of flame
             ... on level 4 of the Dungeon.
             The game lasted 00:10:00 (2634 turns).

Kagalorn the Charmwright (Gnoll Skald)              Turns: 2634, Time: 00:10:01

Health: -1/84      AC: 23    Str: 14    XL:     7   Next: 90%
Magic:  15/15      EV:  2    Int: 19    God:    Cheibriados [......]
Gold:   192        SH:  0    Dex: 15    Spells: 10/17 levels left

rFire    . . .     SeeInvis .   a - +0 hand axe
rCold    . . .     Gourm    .   (no shield)
rNeg     + + +     Faith    .   (armour currently unavailable)
rPois    +         Spirit   .   (helmet currently unavailable)
rElec    .         Reflect  .   (cloak currently unavailable)
rCorr    .         Harm     .   (gloves currently unavailable)
MR       .....     NoTele   +   (boots currently unavailable)
Stlth    +.........             (no amulet)
HPRegen  0.24/turn              (no ring)
MPRegen  0.14/turn              (no ring)

@: confused, tree-form, very slow
A: distributed training, strong nose
a: Bend Time, Renounce Religion


You were on level 4 of the Dungeon.
You worshipped Cheibriados.
Cheibriados was noncommittal.
You were very hungry.
You were a tree.
You visited 2 branches of the dungeon, and saw 5 of its levels.

You collected 192 gold pieces.

Inventory:

Hand Weapons
 a - a +0 hand axe (weapon)
 e - a +2 spear of venom
 r - a +2 quarterstaff of chaos
 D - a +4 flail of crushing
Missiles
 g - 90 arrows
 k - 7 javelins (quivered)
 m - 94 stones
 w - 18 sling bullets
Armour
 b - a +0 leather armour (melded)
 o - a +0 helmet (melded)
 s - a +0 cloak (melded)
 v - a cursed +0 plate armour
 z - a +0 ring mail
Jewellery
 G - an uncursed ring of poison resistance {unknown}
 H - an uncursed amulet of guardian spirit {unknown}
Wands
 C - a wand of random effects (21)
Scrolls
 i - 3 scrolls of identify {unknown}
 j - a scroll of fear {unknown}
 n - a scroll of noise {unknown}
 x - a scroll of teleportation {unknown}
 y - a scroll of amnesia {unknown}
 A - 3 scrolls of remove curse {unknown}
 I - a scroll of blinking {unknown}
Potions
 c - a potion of lignification
 f - a potion of agility {unknown}
 h - 2 potions of curing {unknown}
 l - a potion of degeneration {unknown}
 p - 2 potions of ambrosia {unknown}
 q - 2 potions of flight {unknown}
 t - 2 potions of haste {unknown}
 u - a potion of brilliance {unknown}
 B - 2 potions of heal wounds
 E - a potion of might {unknown}
 F - a potion of cancellation {unknown}
Comestibles
 d - 5 rations


   Skills:
 + Level 5.3 Fighting
 + Level 2.7 Short Blades
 + Level 2.7 Long Blades
 + Level 5.3 Axes
 + Level 2.7 Maces & Flails
 + Level 2.7 Polearms
 + Level 2.7 Staves
 + Level 2.7 Slings
 + Level 2.7 Bows
 + Level 2.7 Crossbows
 + Level 2.7 Throwing
 + Level 3.8 Armour
 + Level 5.3 Dodging
 + Level 2.7 Stealth
 + Level 2.7 Shields
 + Level 2.7 Unarmed Combat
 + Level 5.7 Spellcasting
 + Level 2.2 Conjurations
 + Level 2.2 Hexes
 + Level 5.9 Charms
 + Level 2.2 Summonings
 + Level 2.2 Necromancy
 + Level 2.2 Translocations
 + Level 2.2 Transmutations
 + Level 2.2 Fire Magic
 + Level 2.2 Ice Magic
 + Level 2.2 Air Magic
 + Level 2.2 Earth Magic
 + Level 2.2 Poison Magic
 + Level 3.0 Invocations
 + Level 2.7 Evocations


You had 10 spell levels left.
You knew the following spells:

 Your Spells              Type           Power        Failure   Level  Hunger
a - Infusion              Chrm           ####         1%          1    None
b - Regeneration          Chrm/Necr      ###.......   6%          3    ##.....
d - Spectral Weapon       Hex/Chrm       ###.....     6%          3    ##.....

Your spell library contained the following spells:

 Spells                   Type           Power        Failure   Level  Hunger
 Song of Slaying          Chrm           ####....     1%          2    None
 Shroud of Golubria       Chrm/Tloc      ###...       3%          2    None


Dungeon Overview and Level Annotations

Branches:
Dungeon (4/15)             Temple (1/1) D:4

Altars:
Ashenzari
Cheibriados
Dithmenos
Elyvilon
Fedhas
Gozag
Hepliaklqana
Kikubaaqudgha
Makhleb
Nemelex Xobeh
Qazlal
Ru
Uskayaw
Vehumet
Wu Jian
Xom
Zin
The Shining One


Innate Abilities, Weirdness & Mutations

Your experience applies equally to all skills.
((You have very sharp teeth.))
Your uncanny sense of smell can sniff out nearby items.


Message History

The orc priest calls upon Beogh to heal the orc.
The orc's wounds heal themselves!
The orc hits you with a +0 club.
* * * LOW HITPOINT WARNING * * *
The orc hits you but does no damage.
It was a potion of lignification.
You turn into a tree.
Your +0 cloak melds into your body.
Your +0 helmet melds into your body.
Your +0 leather armour melds into your body.
Your roots penetrate the ground.
The orc wizard hits you but does no damage.
The orc priest hits you but does no damage.
The orc hits you but does no damage. x2
You're too confused to cast spells.
You cannot move. (Use ctrl+direction or * direction to attack without moving.)
You cannot move. (Use ctrl+direction or * direction to attack without moving.)
You barely miss the orc priest. You closely miss the orc.
You hit the orc wizard but do no damage.
You hit the orc.
The orc wizard gestures at you while chanting.
The puff of flame hits you!
You die...

######...............#######.....
)......#.##....#.#.#.........#.##
#####..#....##.#.#.#.##.######.#
#....#...........##.######.#
#[...#.##.#.##.#.##........#
#.........#....#.###########
#..##.#.#.).#....#
#.....#.#.>o#o##.##
#...#÷......♣o....#######
#...#....#.#o#..........#
#.....##.#.#.#.#.#......#
#..#...........#.#.....o#####
#..#.#.#.##.#....#...........
##.).#.#....#.##.#####'#####o
#...............# #.#..o..
##########.....## #.#.###o
##....# #.# ..


You could see an orc priest, an orc wizard and 2 orcs.

Vanquished Creatures
  Grinder (D:4)
  Sigmund (D:4)
  Edmund (D:4)
  Blork the orc (D:4)
  An orc priest (D:3)
  Crazy Yiuf (D:2)
  Jessica (D:2)
  Natasha (D:2)
  A worker ant (D:4)
  A gnoll (D:1)
  5 adders
  A shadow imp (D:3)
  An ooze (D:1)
  2 worms
  A dart slug (D:1)
  2 leopard geckos (D:3)
  4 orcs (D:3)
  3 giant cockroaches
  11 goblins
  4 hobgoblins
  5 kobolds
  A quokka (D:2)
  A bat (D:3)
  5 frilled lizards
  7 rats
63 creatures vanquished.

Notes
Turn   | Place    | Note
-------+----------+-------------------------------------------
     0 | D:1      | Kagalorn the Gnoll Skald began the quest for the Orb.
     0 | D:1      | Reached XP level 1. HP: 20/20 MP: 6/6
    58 | D:1      | Reached XP level 2. HP: 7/26 MP: 7/7
   207 | D:1      | Reached XP level 3. HP: 5/31 MP: 9/9
   212 | D:1      | Learned a level 3 spell: Regeneration
   225 | D:1      | Learned a level 3 spell: Spectral Weapon
   254 | D:1      | Reached skill level 5 in Spellcasting
   281 | D:1      | You fall into a shaft and drop 1 floor!
   318 | D:2      | Found a sparkling altar of Nemelex Xobeh.
   369 | D:2      | Reached skill level 1 in Invocations
   381 | D:2      | Found a hide-covered altar of Uskayaw.
   449 | D:2      | Reached skill level 1 in Short Blades
   449 | D:2      | Reached skill level 1 in Long Blades
   449 | D:2      | Reached skill level 1 in Maces & Flails
   449 | D:2      | Reached skill level 1 in Polearms
   449 | D:2      | Reached skill level 1 in Staves
   449 | D:2      | Reached skill level 1 in Slings
   449 | D:2      | Reached skill level 1 in Bows
   449 | D:2      | Reached skill level 1 in Crossbows
   449 | D:2      | Reached skill level 1 in Throwing
   449 | D:2      | Reached skill level 1 in Stealth
   449 | D:2      | Reached skill level 1 in Shields
   449 | D:2      | Reached skill level 1 in Unarmed Combat
   449 | D:2      | Reached skill level 1 in Evocations
   521 | D:2      | Found a runed translucent door.
   522 | D:2      | Noticed Crazy Yiuf
   546 | D:2      | Noticed Jessica
   553 | D:2      | Killed Jessica
   553 | D:2      | Reached XP level 4. HP: 30/38 MP: 3/11
   646 | D:2      | Noticed Natasha
   656 | D:2      | Killed Natasha
   656 | D:2      | Reached skill level 1 in Conjurations
   656 | D:2      | Reached skill level 1 in Hexes
   656 | D:2      | Reached skill level 1 in Summonings
   656 | D:2      | Reached skill level 1 in Necromancy
   656 | D:2      | Reached skill level 1 in Translocations
   656 | D:2      | Reached skill level 1 in Transmutations
   656 | D:2      | Reached skill level 1 in Fire Magic
   656 | D:2      | Reached skill level 1 in Ice Magic
   656 | D:2      | Reached skill level 1 in Air Magic
   656 | D:2      | Reached skill level 1 in Earth Magic
   656 | D:2      | Reached skill level 1 in Poison Magic
   788 | D:2      | Killed Crazy Yiuf
   788 | D:2      | Reached XP level 5. HP: 17/43 MP: 1/12
  1418 | D:3      | Found an opulent altar of Gozag.
  1662 | D:3      | Found a shattered altar of Ashenzari.
  1938 | D:4      | Noticed Grinder
  1953 | D:4      | Paralysed by Grinder for 7 turns
  1967 | D:4      | Killed Grinder
  1967 | D:4      | Reached skill level 5 in Fighting
  1967 | D:4      | Reached skill level 5 in Axes
  1967 | D:4      | Reached skill level 5 in Dodging
  1967 | D:4      | Reached XP level 6. HP: 17/51 MP: 7/14
  2056 | D:4      | Reached XP level 7. HP: 33/56 MP: 11/15
  2101 | D:4      | Noticed Edmund
  2133 | D:4      | Killed Edmund
  2160 | D:4      | Found a staircase to the Ecumenical Temple.
  2166 | D:4      | Noticed Blork the orc
  2171 | Temple   | Entered the Ecumenical Temple
  2364 | Temple   | Became a worshipper of Cheibriados the Contemplative
  2378 | D:4      | Killed Blork the orc
  2510 | D:4      | Noticed Sigmund
  2524 | D:4      | Killed Sigmund
  2634 | D:4      | Killed from afar by an orc wizard

Levels and vault maps discovered:
D:1:      lemuel_arrival_hallway, layout_basic, hangedman_decor_opposing,
          minmay_misc_feat_tiny, minmay_tromino_i2
D:2:      layout_basic, nemelex_xobeh_ov_fountains_minmay,
          eat_drink_and_be_merry_uskayaw, uniq_natasha, uniq_crazy_yiuf_cottage,
          uniq_jessica
D:3:      layout_basic, marbit_many_paths, lemuel_doored_altar
D:4:      layout_basic, minmay_temple_entry_ruins, first_ration, uniq_edmund,
          uniq_blork_the_orc, uniq_eustachio, uniq_sigmund, uniq_grinder
Temple:   eino_narrow_crystal_temple

Skill      XL: |  1  2  3  4  5  6  7 |
---------------+----------------------+-----
Spellcasting   | 5 |  5.7
Invocations    | 1 2 3 |  3.0
Short Blades   | 1 2 |  2.7
Long Blades    | 1 2 |  2.7
Maces & Flails | 1 2 |  2.7
Polearms       | 1 2 |  2.7
Staves         | 1 2 |  2.7
Slings         | 1 2 |  2.7
Bows           | 1 2 |  2.7
Crossbows      | 1 2 |  2.7
Throwing       | 1 2 |  2.7
Stealth        | 1 2 |  2.7
Shields        | 1 2 |  2.7
Unarmed Combat | 1 2 |  2.7
Evocations     | 1 2 |  2.7
Conjurations   | 1 2 |  2.2
Hexes          | 1 2 |  2.2
Summonings     | 1 2 |  2.2
Necromancy     | 1 2 |  2.2
Translocations | 1 2 |  2.2
Transmutations | 1 2 |  2.2
Fire Magic     | 1 2 |  2.2
Ice Magic      | 1 2 |  2.2
Air Magic      | 1 2 |  2.2
Earth Magic    | 1 2 |  2.2
Poison Magic   | 1 2 |  2.2
Armour         | 3 |  3.8
Fighting       | 5 |  5.3
Axes           | 5 |  5.3
Dodging        | 5 |  5.3
Charms         | |  5.9

Action                   |  1- 3 |  4- 6 |  7- 9 || total
-------------------------+-------+-------+-------++-------
Melee: Hand axe          |    72 |   137 |    51 ||   260
       Bite              |     6 |    10 |     9 ||    25
       Punch             |     1 |       |     2 ||     3
 Cast: Spectral Weapon   |     3 |     6 |     6 ||    15
       Regeneration      |     2 |     8 |     3 ||    13
  Use: Potion            |       |       |     1 ||     1
 Stab: Sleeping          |       |     2 |       ||     2
  Eat: Chunk             |       |     4 |       ||     4
       Ration            |       |       |     1 ||     1
Armor: Leather armour    |     3 |    25 |     6 ||    34
       Skin              |       |       |     4 ||     4
Dodge: Dodged            |    50 |   106 |    30 ||   186

Table legend:
 A = Non-vault XP
 B = Vault XP
 C = Vault XP percentage of total XP
 D = Non-vault monster count
 E = Vault monster count
 F = Vault count percentage of total count
                 A         B        C        D         E       F
            +---------+---------+-------+---------+---------+-------
      Total |     251 |     890 |  78.0 |      54 |       9 |  14.3
            +---------+---------+-------+---------+---------+-------
        D:1 |      46 |       1 |   2.1 |      16 |       1 |   5.9
        D:2 |      44 |     112 |  71.8 |      14 |       3 |  17.6
        D:3 |      95 |      11 |  10.4 |      20 |       1 |   4.8
        D:4 |      66 |     766 |  92.1 |       4 |       4 |  50.0
            +---------+---------+-------+---------+---------+-------
